AoeStats
← LyftSjälar

Black Forest

510311781Analyzed
2v2 RM · 6h ago on Sep 30, 2026· 52m 35s· 4 players
Game mode
Random Map
Map size
Medium (4 player)
Population
200
Speed
Normal
Resources
Standard
Victory
Conquest
Starting age
Dark Age
Ending age
Imperial Age
RankedLock teamsTeams togetherTeam positionsShared explorationLock speedFull tech treeHidden civsTurbo modeCheats
Victory
Defeat
🇨🇳 Spanish · China
962
+17
🇹🇷 Celts · Türkiye
950
+19
🇸🇪 Franks · Sweden
995
-18
🇨🇿 Teutons · Czechia
993
-18
hrxexe
10:36 Loom
12:52 Feudal Age
16:26 Castle Age
15:14 Double-Bit Axe
18:43 Bow Saw
22:30 Gold Mining
24:29 Fletching
30:36 Imperial Age
31:22 Scale Barding Armor
31:27 Forging
33:10 Chemistry
32:31 Ballistics
32:22 Masonry
32:54 Conscription
33:09 Padded Archer Armor
33:04 Bodkin Arrow
33:30 Chain Barding Armor
33:45 Iron Casting
34:39 Supremacy
36:58 Wheelbarrow
37:27 Two-Man Saw
36:10 Horse Collar
36:06 Light Cavalry
37:17 Bracer
37:32 Leather Archer Armor
38:41 Leather Archer Armor
38:41 Bloodlines
38:33 Husbandry
40:34 Hussar
41:53 Plate Barding Armor
42:18 Blast Furnace
41:49 Ring Archer Armor
41:20 Scale Mail Armor
42:07 Heavy Plow
41:59 Stone Mining
42:49 Hand Cart
42:01 Pikeman
42:42 Squires
44:11 Halberdier
44:31 Halberdier
46:00 Architecture
45:42 Fortified Wall
45:35 Inquisition
46:11 Hoardings
45:09 Sappers
46:46 Cavalier
48:28 Paladin
49:38 Chain Mail Armor
zombiekiller7
0:26 Loom
14:30 Feudal Age
14:36 Man-at-Arms
15:02 Arson
17:34 Horse Collar
26:15 Castle Age
24:02 Double-Bit Axe
26:15 Wheelbarrow
26:18 Gold Mining
27:30 Pikeman
27:34 Long Swordsman
28:32 Forging
28:26 Scale Mail Armor
28:33 Scale Barding Armor
30:06 Bow Saw
30:44 Stone Mining
30:45 Long Swordsman
37:49 Iron Casting
42:22 Imperial Age
40:11 Hand Cart
41:34 Gambesons
43:16 Gold Shaft Mining
43:19 Stone Shaft Mining
42:29 Capped Ram
44:30 Heavy Plow
44:55 Town Watch
46:05 Siege Ram
46:44 Halberdier
48:58 Elite Woad Raider
rakosnikk
5:24 Loom
10:50 Feudal Age
18:14 Castle Age
16:48 Double-Bit Axe
19:44 Bow Saw
21:14 Wheelbarrow
20:25 Loom
21:39 Horse Collar
26:42 Hand Cart
26:41 Gold Mining
28:21 Pikeman
28:50 Gambesons
29:11 Elite Skirmisher
31:21 Squires
31:23 Stone Mining
34:41 Imperial Age
32:28 Heavy Plow
33:44 Forging
36:55 Stone Shaft Mining
37:12 Iron Casting
36:28 Fletching
36:40 Padded Archer Armor
37:21 Halberdier
39:41 Bodkin Arrow
39:48 Scale Mail Armor
40:54 Conscription
41:40 Blast Furnace
41:30 Chain Mail Armor
43:43 Leather Archer Armor
44:49 Hoardings
45:46 Ring Archer Armor
50:36 Plate Mail Armor
51:47 Crenellations
LyftSjälar
1:02 Loom
16:28 Feudal Age
28:47 Castle Age
27:51 Double-Bit Axe
28:33 Stone Mining
28:54 Gold Mining
31:40 Gold Shaft Mining
31:18 Bow Saw
32:16 Murder Holes
32:31 Masonry
32:34 Fortified Wall
32:32 Fletching
33:10 Bodkin Arrow
35:29 Wheelbarrow
34:40 Town Watch
36:59 Hand Cart
39:52 Gambesons
40:08 Squires
39:30 Elite Skirmisher
44:23 Imperial Age
42:20 Padded Archer Armor
42:30 Forging
42:20 Scale Mail Armor
42:56 Town Patrol
43:26 Husbandry
46:12 Iron Casting
45:07 Cavalier
46:51 Scale Barding Armor
49:03 Pikeman
50:17 Leather Archer Armor
50:23 Chain Barding Armor
Connection lost

Rejoining the realm…

Still unreachable

The connection could not be restored.

Session expired

The server has moved on; the page needs a fresh start.